 Dungeon Crawl Stone Soup version 0.21.1-1-g345015f (webtiles) character file.

3326 mike2R the Vexing (level 9, -2/52 HPs)
             Began as a Deep Elf Conjurer on June 13, 2018.
             Was a Follower of Vehumet.
             Slain by a killer bee (10 damage)
             ... on level 7 of the Dungeon.
             The game lasted 00:46:26 (7785 turns).

mike2R the Vexing (Deep Elf Conjurer)               Turns: 7785, Time: 00:46:27

Health: -2/52      AC:  3    Str:  5    XL:     9   Next: 71%
Magic:  18/29      EV: 16    Int: 26    God:    Vehumet [*.....]
Gold:   83         SH:  0    Dex: 15    Spells: 3/21 levels left

rFire    . . .     SeeInvis +   A - +4 dagger (freeze)
rCold    + + +     Gourm    .   (no shield)
rNeg     . . .     Faith    .   y - +1 robe "Cuacvol" {*Corrode rC+++ Int+2 SInv}
rPois    .         Spirit   .   g - +1 helmet
rElec    .         Reflect  .   l - +0 cloak
rCorr    .         Harm     .   u - +0 pair of gloves
MR       .....                  (no boots)
Stlth    +++.......             j - amulet of magic regeneration
HPRegen  0.17/turn              o - ring of magical power
MPRegen  0.46/turn              (no ring)

@: lethally poisoned (-2 -> -6), corroded, very slightly contaminated
A: no striking features
a: Renounce Religion


You were on level 7 of the Dungeon.
You worshipped Vehumet.
Vehumet was aware of your devotion.
You were very hungry.

You visited 2 branches of the dungeon, and saw 8 of its levels.

You collected 405 gold pieces.
You spent 322 gold pieces at shops.

Inventory:

Hand Weapons
 A - a +4 dagger of freezing (weapon)
 E - a +2 dagger of electrocution
Armour
 e - a +0 buckler
 g - a +1 helmet (worn)
 l - a +0 cloak (worn)
 u - a +0 pair of gloves (worn)
 y - the +1 robe "Cuacvol" (worn) {*Corrode rC+++ Int+2 SInv}
   (You found it on level 7 of the Dungeon)

   It affects your intelligence (+2).
   It renders you almost immune to cold.
   It lets you see invisible.
   It may corrode you when you take damage.
Jewellery
 j - an amulet of magic regeneration (around neck)
 m - an uncursed ring of wizardry {unknown}
 o - a ring of magical power (left hand)
 t - a +5 ring of evasion {unknown}
Wands
 z - a wand of random effects (30)
 I - a wand of enslavement (7)
 M - a wand of flame (30)
Scrolls
 i - a scroll of teleportation
 k - 2 scrolls of immolation
 s - 3 scrolls of remove curse
 w - 3 scrolls of amnesia
 C - 2 scrolls of fear
 J - a scroll of fog
Potions
 a - 2 potions of invisibility
 d - a potion of brilliance {unknown}
 f - 5 potions of might
 h - a potion of mutation
 n - 2 potions of cancellation
 p - a potion of haste {unknown}
 q - a potion of agility
 r - 4 potions of curing
 v - a potion of flight {unknown}
 x - 2 potions of heal wounds
 B - 2 potions of lignification
 D - a potion of degeneration {unknown}
 G - a potion of magic {unknown}
Books
 b - a book of Conjurations

   Spells                             Type                      Level
   a - Magic Dart                     Conjuration                  1
   b - Searing Ray                    Conjuration                  2
   c - Dazzling Spray                 Conjuration/Hexes            3
   d - Fulminant Prism                Conjuration/Hexes            4
   e - Force Lance                    Conjuration/Translocation    4
   f - Iskenderun's Mystic Blast      Conjuration                  4
 H - a book of Geomancy

   Spells                             Type                      Level
   a - Sandblast                      Earth                        1
   b - Passwall                       Transmutation/Earth          2
   c - Stone Arrow                    Conjuration/Earth            3
   d - Petrify                        Transmutation/Earth          4
   e - Lee's Rapid Deconstruction     Earth                        5
 L - a book of Changes

   Spells                             Type                      Level
   a - Beastly Appendage              Transmutation                1
   b - Sticks to Snakes               Transmutation                2
   c - Spider Form                    Transmutation/Poison         3
   d - Ice Form                       Ice/Transmutation            4
   e - Blade Hands                    Transmutation                5
Comestibles
 c - 12 rations


   Skills:
 - Level 4.1 Fighting
 - Level 6.6 Dodging
 - Level 4.0 Stealth
 + Level 3.4 Shields
 - Level 6.6 Spellcasting
 - Level 6.8 Conjurations
 - Level 7.5 Hexes
 - Level 6.2 Translocations


You had 3 spell levels left.
You knew the following spells:

 Your Spells              Type           Power        Failure   Level  Hunger
a - Magic Dart            Conj           ####         1%          1    None
b - Searing Ray           Conj           #####.       1%          2    None
c - Dazzling Spray        Conj/Hex       #####.       1%          3    None
d - Iskenderun's Mystic   Conj           #####...     3%          4    ###....
e - Force Lance           Conj/Tloc      #####...     4%          4    ###....
f - Fulminant Prism       Conj/Hex       #####.....   3%          4    ###....


Dungeon Overview and Level Annotations

Branches:
Dungeon (7/15)             Temple (1/1) D:6

Altars:
Ashenzari
Cheibriados
Dithmenos
Elyvilon
Gozag
Hepliaklqana
Kikubaaqudgha
Makhleb
Nemelex Xobeh
Qazlal
Ru
Sif Muna
Trog
Uskayaw
Vehumet
Wu Jian
Yredelemnul
Zin
The Shining One

Shops:
D:5 (   D:6 }}([[

Annotations:
D:7 4 runed doors


Message History

You feel sick. The killer bee stings you! The killer bee completely misses you.
The searing ray misses the killer bee.
The searing ray hits the killer bee.
The killer bee is lightly wounded.
The killer bee misses you. The killer bee stings you!
Your corrosive artefact corrodes you!
The searing ray hits the killer bee.
The killer bee is heavily wounded.
You feel sick. The killer bee misses you. The killer bee stings you!
* * * LOW HITPOINT WARNING * * *
The searing ray hits the killer bee.
You kill the killer bee!
Vehumet accepts your kill.
The searing ray misses the killer bee.
The searing ray hits the killer bee.
You kill the killer bee!
Vehumet accepts your kill.
You can now gain magical power from killing.
Vehumet offers you knowledge of Flame Tongue.
You finish channeling your searing ray.
You feel sick. The killer bee stings you!
You die...

#...#.......# #
#####.#.#.......# #
................# #
.......#........# #
.......#........# #
.......#........#
#####.###.......#
##########.###..####.#
.......@y.......# #
###########.....#
#......# #......#
#......# #?.....#
#.......# ......#.#
#######..


You could see a killer bee.

Vanquished Creatures
  Pikel (D:6)
  The ghost of LairdRich the Chopper, a novice MiBe of Trog (D:5)
  Prince Ribbit (D:6)
  Sigmund (D:3)
  Menkaure (D:5)
  5 sky beasts
  A phantom (D:7)
  2 ogres (D:4)
  3 centaurs
  A bullfrog (D:7)
  2 scorpions (D:5)
  2 killer bees (D:7)
  A crimson imp (D:6)
  A hound (D:7)
  5 orc priests
  A bullfrog skeleton (D:4)
  A jelly (D:7)
  Terence (D:3)
  An iguana (D:7)
  4 orc wizards
  4 worker ants
  3 hound skeletons
  3 gnolls (D:3)
  12 adders
  2 shadow imps
  An ooze (D:5)
  3 worms
  3 dart slugs
  10 leopard geckos
  18 orcs
  6 giant cockroaches
  11 goblins
  11 hobgoblins
  A jackal (D:1)
  6 kobolds
  5 quokkas
  4 ball pythons
  8 bats
  6 frilled lizards
  A quokka skeleton (D:4)
  A quokka zombie (D:5)
  14 rats
169 creatures vanquished.

Vanquished Creatures (others)
  An ogre (D:6)
  A howler monkey zombie (D:6)
  An adder (D:6)
  A worm (D:6)
  13 fulminant prisms
17 creatures vanquished.

Grand Total: 186 creatures vanquished

Notes
Turn   | Place    | Note
-------+----------+-------------------------------------------
     0 | D:1      | mike2R the Deep Elf Conjurer began the quest for the Orb.
     0 | D:1      | Reached XP level 1. HP: 10/10 MP: 6/6
   191 | D:1      | Reached XP level 2. HP: 15/15 MP: 2/8
   422 | D:1      | Reached skill level 5 in Conjurations
   659 | D:1      | Learned a level 2 spell: Searing Ray
  1158 | D:2      | Reached XP level 3. HP: 19/19 MP: 9/9
  1163 | D:2      | Learned a level 3 spell: Dazzling Spray
  1401 | D:2      | Reached XP level 4. HP: 24/24 MP: 12/12
  1415 | D:2      | Learned a level 4 spell: Iskenderun's Mystic Blast
  2137 | D:3      | Reached skill level 5 in Spellcasting
  2277 | D:3      | Noticed Sigmund
  2283 | D:3      | Reached XP level 5. HP: 24/28 MP: 13/14
  2482 | D:3      | Killed Sigmund
  2482 | D:3      | Reached XP level 6. HP: 32/32 MP: 6/17
  2488 | D:3      | Learned a level 4 spell: Force Lance
  2635 | D:3      | Noticed Terence
  2641 | D:3      | Killed Terence
  2758 | D:3      | Found an opulent altar of Gozag.
  3340 | D:4      | Learned a level 4 spell: Fulminant Prism
  3424 | D:4      | Reached skill level 1 in Hexes
  3438 | D:4      | Reached skill level 1 in Translocations
  3522 | D:4      | Found a glowing silver altar of Zin.
  3932 | D:4      | Reached XP level 7. HP: 12/36 MP: 11/18
  3936 | D:4      | Reached skill level 2 in Hexes
  3961 | D:4      | Reached skill level 3 in Hexes
  4268 | D:4      | Found a glowing golden altar of the Shining One.
  4696 | D:4      | Reached skill level 4 in Hexes
  4758 | D:5      | Entered Level 5 of the Dungeon
  4879 | D:5      | Reached skill level 5 in Hexes
  4965 | D:5      | Found Kidates's Weapon Boutique.
  4974 | D:5      | Noticed Menkaure
  4978 | D:5      | Killed Menkaure
  4978 | D:5      | Reached XP level 8. HP: 41/41 MP: 19/19
  4989 | D:5      | Noticed LairdRich's ghost (novice MiBe)
  5004 | D:5      | Killed LairdRich's ghost
  5004 | D:5      | Reached skill level 6 in Hexes
  5004 | D:5      | Reached skill level 5 in Translocations
  5011 | D:5      | Reached skill level 7 in Hexes
  5228 | D:5      | Reached skill level 1 in Fighting
  5716 | D:6      | Found a staircase to the Ecumenical Temple.
  5739 | Temple   | Entered the Ecumenical Temple
  5792 | Temple   | Became a worshipper of Vehumet
  5851 | D:6      | Noticed Prince Ribbit
  5862 | D:6      | Killed Prince Ribbit
  5996 | D:6      | Found Guoleb's Gadget Emporium.
  6042 | D:6      | Reached XP level 9. HP: 48/48 MP: 20/20
  6204 | D:6      | Reached skill level 5 in Dodging
  6515 | D:6      | Found Qytass's Antique Armour Shoppe.
  6536 | D:6      | Noticed Pikel
  6562 | D:6      | Killed Pikel
  6694 | D:6      | Found Noqia's Antique Weapon Shoppe.
  6696 | D:6      | Found Caediy Ceto's Gadget Boutique.
  6748 | D:6      | Bought a leather armour for 56 gold pieces
  6748 | D:6      | Bought a fine cloak for 266 gold pieces
  6758 | D:6      | Identified the +2 cloak "Sesk" {+Fly rN+ Int-2} (You bought it in a shop on level 6 of the Dungeon)
  7048 | D:6      | Found Ene Taej's Armour Emporium.
  7162 | D:7      | Reached skill level 1 in Shields
  7521 | D:7      | Found a huge runed gate.
  7521 | D:7      | Found a huge runed gate.
  7521 | D:7      | Found a huge runed gate.
  7521 | D:7      | Found a huge runed gate.
  7521 | D:7      | Noticed a polar bear
  7521 | D:7      | Noticed a death yak
  7522 | D:7      | Noticed a polar bear
  7522 | D:7      | Noticed a polar bear
  7578 | D:7      | Got a smoking robe
  7589 | D:7      | Identified the +1 robe "Cuacvol" {*Corrode rC+++ Int+2 SInv} (You found it on level 7 of the Dungeon)
  7785 | D:7      | Reached * piety under Vehumet
  7785 | D:7      | Offered knowledge of Flame Tongue by Vehumet.
  7785 | D:7      | Slain by a killer bee

Skill      XL: |  1  2  3  4  5  6  7  8  9 |
---------------+----------------------------+-----
Conjurations   | 5 6 |  6.8
Spellcasting   | 4 5 6 |  6.6
Stealth        | 3 4 |  4.0
Hexes          | 1 5 7 |  7.5
Translocations | 1 4 6 |  6.2
Fighting       | 2 4 |  4.1
Dodging        | 4 6 |  6.6
Shields        | 3 |  3.4

Action                   |  1- 3 |  4- 6 |  7- 9 || total
-------------------------+-------+-------+-------++-------
Melee: Dagger            |       |     2 |    69 ||    71
Throw: Stone             |       |       |     2 ||     2
 Cast: Magic Dart        |    73 |   129 |   149 ||   351
       Searing Ray       |     3 |     3 |    17 ||    23
       Dazzling Spray    |       |     1 |     2 ||     3
       Iskenderun's Myst |       |     6 |       ||     6
       Fulminant Prism   |       |       |    13 ||    13
       Force Lance       |       |       |     1 ||     1
Evoke: Wand              |       |     1 |       ||     1
  Use: Scroll            |       |    13 |     8 ||    21
       Potion            |       |       |     2 ||     2
 Stab: Sleeping          |       |       |     1 ||     1
  Eat: Chunk             |     1 |     5 |    10 ||    16
       Ration            |       |     1 |     1 ||     2
Armor: Robe              |     1 |       |     3 ||     4
       Leather armour    |       |     2 |    27 ||    29
Dodge: Dodged            |    13 |     6 |    70 ||    89
